 Dungeon Crawl Stone Soup version 0.31.0-12-g77e489cdc1 (webtiles) character file.

Game seed: 11375031512281593442

32 sw3dish the Chopper (level 3, -2/22 HPs)
             Began as a Gargoyle Gladiator on Mar 4, 2024.
             Slain by a gnoll
             ... wielding a +0 halberd
              (10 damage)
             ... on level 2 of the Dungeon.
             The game lasted 00:01:22 (816 turns).

sw3dish the Chopper (Gargoyle Gladiator)             Turns: 816, Time: 00:01:22

Health: -2/22      AC:  7    Str: 19    XL:     3   Next: 25%
Magic:  3/3        EV: 12    Int:  8    God:
Gold:   109        SH:  0    Dex: 11    Spells: 2/2 levels left

rFire   . . .        a - +0 war axe
rCold   . . .        (no shield)
rNeg    + . .        b - +0 leather armour
rPois   ∞            c - +0 helmet
rElec   +            (no cloak)
rCorr   .            (no gloves)
SInv    .            (no boots)
Will    .....        (no amulet)
Stlth   +            (no ring)
HPRegen 0.23/turn    (no ring)
MPRegen 0.08/turn

%: no passive effects
@: studying Staves
A: sickness immunity, AC +3, negative energy resistance 1, electricity
resistance, torment resistance 1, petrification resistance
a: no special abilities


You were on level 2 of the Dungeon.
You visited 1 branch of the dungeon, and saw 2 of its levels.

You collected 109 gold pieces.

Inventory:

Hand Weapons
 a - a +0 war axe (weapon)
Missiles
 d - 3 throwing nets (quivered)
 e - a javelin
Armour
 b - a +0 leather armour (worn)
 c - a +0 helmet (worn)
Scrolls
 f - a scroll of noise {unknown}
 h - a scroll of vulnerability {unknown}
 i - 3 scrolls of acquirement {unknown}
 j - a scroll of blinking {unknown}
Potions
 g - a potion of mutation {unknown}


   Skills:
 * Level 2.7 Fighting
 * Level 3.1 Axes
 + Level 2.0 Throwing
 + Level 0.9 Armour
 + Level 2.6 Dodging


You had 2 spell levels left.
You didn't know any spells.
Your spell library was empty.

Dungeon Overview and Level Annotations

Branches:
Dungeon (2/15)

Altars:

Shops:
D:1 [


Innate Abilities, Weirdness & Mutations

You are immune to sickness and miasma.
Your stone body is resilient. (AC +3)
You are immune to poison.
You resist negative energy. (rN+)
You are resistant to electric shocks. (rElec)
You are resistant to unholy torment.
You are immune to petrification.


Message History

The ribbon worm expels a string of sticky webbing.
The stream of webbing hits you but does no damage.
You are caught in a web!
You are caught in a web!
You are caught in a web!
You are caught in a web!
You are caught in a web!
Unknown command.
The web tears apart.
The gnoll shouts!
You hear a shout!
The ribbon worm bites you but does no damage.
You see here a bat corpse.
The ribbon worm expels a string of sticky webbing.
The stream of webbing hits you but does no damage.
You are caught in a web!
There is a web here.
The web tears apart.
The ribbon worm expels a string of sticky webbing.
The stream of webbing hits you but does no damage.
You are caught in a web!
There is a web here.
The web tears apart.
The ribbon worm bites you but does no damage.
The gnoll closely misses you.
You hit the ribbon worm.
The ribbon worm is lightly wounded.
The gnoll hits you from afar with a +0 halberd.
The ribbon worm expels a string of sticky webbing.
The stream of webbing hits you but does no damage.
You are caught in a web!
The web tears apart.
The gnoll misses you. The ribbon worm bites you.
You hit the ribbon worm but do no damage.
The ribbon worm is lightly wounded.
The gnoll closely misses you.
The ribbon worm bites you but does no damage.
You slash the ribbon worm!
The ribbon worm is heavily wounded.
The gnoll completely misses you. The ribbon worm bites you.
The gnoll hits you from afar with a +0 halberd!
You die...

##.....# #......#
#......#
##.###......#
#.....<...#.##
#.....#.......#
#...#.#..###..# #
#..
#.........#####.#
#.
.....##..wgw@...#
#..#.##.#.#######
#.......#.#
..##......#
####.####.#
........w.#
#####...### #..†#
#.w.#


You could see a ribbon worm, a gnoll and a dart slug.

Vanquished Creatures
  A gnoll (D:1)
  2 bats
  3 endoplasms (D:1)
  A giant cockroach (D:1)
  4 goblins (D:1)
  A kobold (D:1)
  5 ball pythons (D:1)
  A rat (D:1)
18 creatures vanquished.

Notes
Turn   | Place    | Note
-------+----------+-------------------------------------------
     0 | D:1      | sw3dish the Gargoyle Gladiator began the quest for the Orb.
     0 | D:1      | Reached XP level 1. HP: 12/12 MP: 1/1
    66 | D:1      | Reached XP level 2. HP: 17/18 MP: 2/2
   373 | D:1      | Reached skill level 3 in Axes
   452 | D:1      | Reached XP level 3. HP: 19/22 MP: 3/3
   662 | D:1      | Found Ynibasil's Armour Shop.
   816 | D:2      | Slain by a gnoll

Illustrated notes

Levels and vault maps discovered:
D:1:      dpeg_arrival_tiny_d, layout_basic, serial_shops, nicolae_shop_trees,
          minmay_misc_feat_nine_boxes
D:2:      layout_loops_cross

Skill      XL: |  1  2 |
---------------+-------+-----
Axes           | 3 |  3.1
Throwing       | 2 |  2.0
Fighting       | |  2.7
Armour         | |  0.9
Dodging        | |  2.6

Action                     || total
---------------------------++-------
  Melee: War axe           ||    46
 Armour: Leather armour    ||    41
  Dodge: Dodged            ||    30
